 Dungeon Crawl Stone Soup version 0.24-a0-581-gc0fa6600bf (webtiles) character file.

Game seed: 7464603900696785518

9065 GameOver the Artisan of Death (level 11, -6/81 HPs)
             Began as a Naga Wizard on Aug 25, 2019.
             Was a Priest of Kikubaaqudgha.
             Mangled by voshxx's ghost (13 damage)
             ... on level 9 of the Dungeon.
             The game lasted 00:56:00 (7531 turns).

GameOver the Artisan of Death (Naga Wizard)         Turns: 7531, Time: 00:56:00

Health: -6/81      AC: 10    Str: 12    XL:     11   Next: 40%
Magic:  13/22      EV: 10    Int: 22    God:    Kikubaaqudgha [***...]
Gold:   493        SH:  0    Dex: 12    Spells: 1/25 levels left

rFire    + . .     SeeInvis +   w - +5 scimitar
rCold    . . .     Gourm    .   (no shield)
rNeg     . . .     Faith    .   F - +2 robe {rF+}
rPois    +         Spirit   .   b - +0 hat
rElec    .         Reflect  .   N - +2 cloak {rPois}
rCorr    .         Harm     .   E - +0 pair of gloves
MR       +....                  (no barding)
Stlth    +++.......             (no amulet)
HPRegen  0.23/turn              f - +2 ring of strength
MPRegen  0.18/turn              x - +3 ring of dexterity

@: very slow
A: large, see invisible, deformed body, poison resistance, slowness 2, slow
metabolism 1, spit poison 1, AC +3
a: Spit Poison, Receive Corpses, Renounce Religion


You were on level 9 of the Dungeon.
You worshipped Kikubaaqudgha.
Kikubaaqudgha was most pleased with you.
You were hungry.

You visited 2 branches of the dungeon, and saw 10 of its levels.
You also visited: Ossuary.

You collected 493 gold pieces.

Inventory:

Hand Weapons
 s - a +2 spear
 w - a +5 scimitar (weapon)
 B - a +3 great sword
 J - a +0 broad axe
Armour
 b - a +0 hat (worn)
 l - a +0 troll leather armour
 E - a +0 pair of gloves (worn)
 F - a +2 robe of fire resistance (worn)
 N - a +2 cloak of poison resistance (worn)
Jewellery
 f - a +2 ring of strength (left hand)
 x - a +3 ring of dexterity (right hand)
 K - an uncursed ring of protection from magic
Wands
 u - a wand of acid (13)
 A - a wand of flame (35)
 C - a wand of paralysis (22)
 I - a wand of enslavement (7)
 L - a wand of disintegration (16)
 M - a wand of iceblast (8)
Scrolls
 a - a scroll of fear {unknown}
 g - 2 scrolls of remove curse
 i - 2 scrolls of random uselessness {unknown}
 n - 10 scrolls of identify {unknown}
 o - a scroll of fog {unknown}
 p - 2 scrolls of teleportation
 v - 2 scrolls of immolation {unknown}
 y - a scroll of enchant weapon {unknown}
 G - a scroll of blinking {unknown}
Potions
 c - a potion of magic
 e - 3 potions of might
 j - a potion of ambrosia {unknown}
 k - 2 potions of resistance
 m - 3 potions of lignification
 q - 2 potions of haste
 r - 3 potions of brilliance {unknown}
 t - 9 potions of curing {unknown}
 z - 2 potions of berserk rage {unknown}
 D - 2 potions of flight
 H - a potion of mutation {unknown}
Comestibles
 d - 17 rations


   Skills:
 - Level 6.1 Long Blades
 - Level 2.0 Polearms
 - Level 1.5 Dodging
 - Level 6.0 Stealth
 + Level 7.5 Spellcasting
 + Level 7.4 Conjurations
 - Level 3.2 Charms
   Level 1.0 Summonings
 + Level 7.6 Necromancy
 - Level 3.0 Translocations
 - Level 6.0 Earth Magic
 - Level 6.0 Poison Magic


You had one spell level left.
You knew the following spells:

 Your Spells              Type           Power        Failure   Level  Hunger
a - Bolt of Draining      Conj/Necr      #####.....   10%         5    #####..
b - Blink                 Tloc           N/A          3%          2    None
c - Dispel Undead         Necr           #####...     10%         5    #####..
d - Mephitic Cloud        Conj/Pois/Air  ####....     3%          3    None
f - Conjure Flame         Conj/Fire      ###.....     4%          3    None
s - Stone Arrow           Conj/Erth      #####.       1%          3    None
x - Regeneration          Chrm/Necr      ####......   2%          3    None

Your spell library contained the following spells:

 Spells                   Type           Power        Failure   Level  Hunger
 Magic Dart               Conj           ####         1%          1    None
 Pain                     Necr           ####         1%          1    None
 Sandblast                Erth           ####..       1%          1    None
 Confusing Touch          Hex            #.....       8%          1    None
 Corona                   Hex            #......      8%          1    None
 Corpse Rot               Necr           N/A          1%          2    None
 Sublimation of Blood     Necr           #####.....   1%          2    None
 Passwall                 Tmut/Erth      ###.....     3%          2    None
 Animate Dead             Necr           N/A          3%          4    ###....
 Gell's Gravitas          Tloc           ###.......   7%          3    None
 Call Imp                 Summ           ##......     8%          2    None
 Agony                    Necr           #####...     10%         5    #####..
 Slow                     Hex            #.......     12%         2    None
 Portal Projectile        Hex/Tloc       ##....       13%         3    None
 Lee's Rapid Deconstruct  Erth           ####......   19%         5    #####..
 Leda's Liquefaction      Hex/Erth       ###.......   22%         4    ###....
 Petrify                  Tmut/Erth      ###.....     22%         4    ###....
 Confuse                  Hex            #.......     24%         3    None
 Inner Flame              Hex/Fire       #.......     24%         3    None
 Excruciating Wounds      Chrm/Necr      ####......   24%         5    #####..
 Cause Fear               Hex            #.........   61%         4    ###....
 Metabolic Englaciation   Hex/Ice        #.........   91%         5    #####..
 Yara's Violent Unravell  Hex/Tmut       #.........   91%         5    #####..


Dungeon Overview and Level Annotations

Branches:
Dungeon (9/15)             Temple (1/1) D:5         Ossuary (visited)
   Lair: D:8-11         Orc: D:9-12

Altars:
Ashenzari
Cheibriados
Dithmenos
Elyvilon
Fedhas
Gozag
Hepliaklqana
Kikubaaqudgha
Makhleb
Nemelex Xobeh
Okawaru
Qazlal
Ru
Sif Muna
Trog
Uskayaw
Vehumet
Wu Jian
Xom
Yredelemnul
Zin
The Shining One

Annotations:
D:9 voshxx's ghost, novice DDMo


Innate Abilities, Weirdness & Mutations

You cannot wear boots.
Your serpentine skin is tough. (AC +3)
You have supernaturally acute eyesight. (SInv)
Armour fits poorly on your strangely shaped body.
Your system is resistant to poisons. (rPois)
You cover ground very slowly.
You have a slow metabolism.
You can spit poison.


Message History

Confirm with . or Enter, or press ? or * to list all spells.
You blink.
The nine-headed hydra misses you.
The nine-headed hydra barely misses you.
The nine-headed hydra bites you!
* * * LOW HITPOINT WARNING * * *
The nine-headed hydra bites you.
* * * LOW HITPOINT WARNING * * *
The nine-headed hydra bites you!
* * * LOW HITPOINT WARNING * * *
The nine-headed hydra barely misses you.
The nine-headed hydra bites you.
* * * LOW HITPOINT WARNING * * *
The nine-headed hydra bites you but does no damage.
The nine-headed hydra barely misses you.
You hack one of the nine-headed hydra's heads off!
The eight-headed hydra grows two more!
You slash the ten-headed hydra!
The ten-headed hydra is lightly wounded.
Voshxx's ghost hits you!
You die...
Kikubaaqudgha rasps: "You have failed me!
Welcome... death!"

##.....#.....##
##.............##
#...............#
#...............#
#...............########
#........>..............
#......#####....########
#.....##≈.♣##...........
##....#@$.§≈##....####..
##...'WD...≈#...####..#
###..'..)..♣##...#...(.
######....'...%.♣####.......
#.........#...?♣##...##.....
#..[.#.#..##♣♣♣##....##.....
#....#.....#####............
#....#####..................
###.## ###.#.......#......


You could see a ten-headed hydra and voshxx's ghost.

Vanquished Creatures
  Gastronok (D:8)
  2 two-headed ogres
  Pikel (D:8)
  Maurice (D:8)
  Psyche (D:8)
  A gargoyle (D:9)
  3 trolls (D:9)
  A hippogriff (D:7)
  A spriggan (D:9)
  2 orc warriors
  2 sky beasts
  2 phantoms
  3 ice beasts
  3 ogres
  3 centaurs
  A big kobold (D:7)
  4 bullfrogs
  4 water moccasin zombies (Ossuary)
  6 scorpions
  5 killer bees
  4 wights (D:6)
  2 crimson imps
  2 bullfrog zombies
  5 orc wizards
  2 centaur skeletons
  2 jellies
  An orc priest (D:9)
  Crazy Yiuf (D:7)
  3 hounds
  A bullfrog skeleton (D:6)
  Terence (D:2)
  3 iguanas
  12 worker ants
  A big kobold zombie (Ossuary)
  A hound zombie (D:9)
  2 mummies (Ossuary)
  A worker ant zombie (D:8)
  11 gnolls
  10 adders
  2 oozes (D:1)
  An adder skeleton (D:4)
  6 adder zombies
  3 worms
  4 dart slugs
  4 leopard geckos
  24 orcs
  9 giant cockroaches
  3 gnoll zombies (Ossuary)
  12 goblins
  9 hobgoblins
  4 jackals
  12 kobolds
  5 quokkas
  3 ball pythons
  7 bats
  6 frilled lizards
  5 hobgoblin zombies (Ossuary)
  A kobold zombie (Ossuary)
  10 orc zombies (Ossuary)
  14 rats
256 creatures vanquished.

Vanquished Creatures (collateral kills)
  2 killer bees
2 creatures vanquished.

Vanquished Creatures (others)
  2 killer bees
  3 electric eels (D:5)
  An orc zombie (Ossuary)
  A plant (D:9)
7 creatures vanquished.

Grand Total: 265 creatures vanquished

Notes
Turn   | Place    | Note
-------+----------+-------------------------------------------
     0 | D:1      | GameOver the Naga Wizard began the quest for the Orb.
     0 | D:1      | Reached XP level 1. HP: 15/15 MP: 4/4
    45 | D:1      | Reached XP level 2. HP: 14/22 MP: 6/6
   238 | D:1      | Reached XP level 3. HP: 26/28 MP: 0/7
   242 | D:1      | Learned a level 2 spell: Blink
   246 | D:1      | Learned a level 3 spell: Mephitic Cloud
   744 | D:2      | Reached XP level 4. HP: 19/36 MP: 2/8
   819 | D:2      | Noticed Terence
   836 | D:2      | Killed Terence
   837 | D:2      | Learned a level 3 spell: Conjure Flame
   853 | D:2      | Found a shimmering altar of Xom.
   855 | D:2      | Found a shimmering altar of Xom.
   855 | D:2      | Found a shimmering altar of Xom.
   858 | D:2      | Found a shimmering altar of Xom.
   858 | D:2      | Found a shimmering altar of Xom.
   858 | D:2      | Found a shimmering altar of Xom.
   952 | D:2      | Found a snail-covered altar of Cheibriados.
   971 | D:2      | Reached XP level 5. HP: 39/42 MP: 6/9
  1267 | D:3      | Reached skill level 5 in Conjurations
  1422 | D:3      | Found a sparkling altar of Nemelex Xobeh.
  1658 | D:3      | Reached XP level 6. HP: 49/49 MP: 8/10
  2201 | D:4      | Reached skill level 1 in Poison Magic
  2324 | D:4      | Found a shimmering blue altar of Sif Muna.
  2486 | D:4      | Reached skill level 1 in Polearms
  2486 | D:4      | Reached XP level 7. HP: 45/55 MP: 4/11
  2913 | D:5      | Entered Level 5 of the Dungeon
  2995 | D:5      | Found a transporter.
  3026 | D:5      | Found a transporter.
  3054 | D:5      | Found a staircase to the Ecumenical Temple.
  3073 | Temple   | Entered the Ecumenical Temple
  3151 | Temple   | Became a worshipper of Kikubaaqudgha
  3768 | D:6      | Reached skill level 5 in Stealth
  3768 | D:6      | Reached XP level 8. HP: 44/62 MP: 7/13
  3784 | D:6      | Reached skill level 5 in Poison Magic
  4246 | D:6      | HP: 3/93 [wight/+0 spear (4)]
  4367 | D:6      | Reached skill level 5 in Spellcasting
  4689 | D:7      | You fall into a shaft and drop 2 floors!
  4689 | D:9      | Noticed a rust devil
  4689 | D:9      | Noticed a rust devil
  4725 | D:9      | Reached * piety under Kikubaaqudgha
  4725 | D:9      | Identified Kikubaaqudgha's Handbook of Darkness
                  | (Kikubaaqudgha gifted it to you on level 9 of the Dungeon)
  4725 | D:9      | Received a gift from Kikubaaqudgha
  4725 | D:9      | Reached XP level 9. HP: 46/68 MP: 4/18
  4782 | D:9      | Reached skill level 1 in Long Blades
  4782 | D:9      | Reached skill level 1 in Necromancy
  4985 | D:7      | Found a sand-covered staircase.
  4989 | Ossuary  | Entered an ossuary
  5069 | Ossuary  | Reached ** piety under Kikubaaqudgha
  5394 | D:7      | Learned a level 3 spell: Regeneration
  5437 | D:7      | Reached skill level 1 in Charms
  5463 | D:7      | Found a sacrificial altar of Ru.
  5467 | D:7      | Found a radiant altar of Vehumet.
  5580 | D:7      | Found a runed translucent door.
  5581 | D:7      | Noticed Crazy Yiuf
  5591 | D:7      | Killed Crazy Yiuf
  5762 | D:7      | Reached skill level 5 in Long Blades
  5762 | D:7      | Reached skill level 5 in Necromancy
  5767 | D:7      | Got a polished buckler
  5773 | D:7      | Identified the cursed +0 buckler "Cuef" {Str+5 Int-3} (You
                  | found it on level 7 of the Dungeon)
  5807 | D:7      | Reached XP level 10. HP: 65/75 MP: 11/19
  5959 | D:7      | Found an iron altar of Okawaru.
  6123 | D:8      | Noticed a two-headed ogre
  6131 | D:8      | Found a shadowy altar of Dithmenos.
  6223 | D:8      | Killed a two-headed ogre
  6223 | D:8      | Reached *** piety under Kikubaaqudgha
  6223 | D:8      | Identified Kikubaaqudgha's Tome of Necromancy
                  | (Kikubaaqudgha gifted it to you on level 8 of the Dungeon)
  6223 | D:8      | Received a gift from Kikubaaqudgha
  6278 | D:8      | Found a basalt altar of Yredelemnul.
  6281 | D:8      | Found a blossoming altar of Fedhas.
  6299 | D:8      | Noticed Gastronok
  6306 | D:8      | Learned a level 3 spell: Stone Arrow
  6306 | D:8      | Noticed Psyche
  6336 | D:9      | Noticed a two-headed ogre
  6356 | D:9      | Killed a two-headed ogre
  6502 | D:9      | Noticed a gargoyle
  6515 | D:9      | Killed a gargoyle
  6561 | D:8      | Found a shattered altar of Ashenzari.
  6561 | D:8      | Found an ornate altar of the Wu Jian Council.
  6565 | D:8      | Found a glowing silver altar of Zin.
  6665 | D:8      | Killed Psyche
  6737 | D:8      | Noticed Maurice
  6746 | D:8      | Killed Maurice
  6746 | D:8      | Reached XP level 11. HP: 57/81 MP: 8/21
  6876 | D:8      | Killed Gastronok
  6876 | D:8      | Reached skill level 5 in Earth Magic
  7073 | D:8      | Noticed Pikel
  7084 | D:8      | Killed Pikel
  7287 | D:9      | Learned a level 5 spell: Dispel Undead
  7293 | D:9      | Learned a level 5 spell: Bolt of Draining
  7425 | D:9      | Found a runed translucent gate.
  7425 | D:9      | Found a runed translucent gate.
  7425 | D:9      | Found a runed translucent gate.
  7426 | D:9      | Noticed voshxx's ghost (novice DDMo)
  7426 | D:9      | Noticed a nine-headed hydra
  7531 | D:9      | Mangled by voshxx's ghost

Levels and vault maps discovered:
D:1:      dpeg_arrival_ratfight, layout_basic
D:2:      layout_basic, xom_redecorated, cheibriados_altar_1, first_ration,
          minmay_diced_spiral, uniq_terence
D:3:      minmay_chambers_of_threes, layout_loops_ring,
          nemelex_spade_bored_becter
D:4:      layout_layer_cave, kennysheep_mini
D:5:      gammafunk_steamed_eel, layout_layer_cave,
          minmay_temple_entry_statues_fountains
D:6:      layout_gridville
D:7:      layout_cave_pools, okawaru_gym_becter, minitemple, enter_ossuary_5,
          minmay_puff, uniq_crazy_yiuf_cottage
D:8:      layout_cave_pools, nicolae_overflow_hidden_temple, enter_bailey_3,
          grunt_dithmenos_smoke_and_mirrors, uniq_gastronok, uniq_pikel,
          uniq_psyche, uniq_maurice
D:9:      cheibrodos_iron_armory, layout_rooms, gammafunk_ghost_hydra_chop,
          the_bakery, st_stairs_10
Temple:   jpeg_temple_clearing

Skill      XL: |  1  2  3  4  5  6  7  8  9 10 11 |
---------------+----------------------------------+-----
Conjurations   | 2 3 4 5 6 7 |  7.4
Poison Magic   | 2 4 6 |  6.0
Polearms       | 1 2 |  2.0
Stealth        | 5 6 |  6.0
Translocations | 2 3 |  3.0
Spellcasting   | 6 7 |  7.5
Long Blades    | 5 6 |  6.1
Necromancy     | 5 7 |  7.6
Charms         | 2 3 |  3.2
Earth Magic    | 4 6 |  6.0
Dodging        | |  1.5
Summonings     | |  1.0

Action                   |  1- 3 |  4- 6 |  7- 9 | 10-12 || total
-------------------------+-------+-------+-------+-------++-------
Melee: Club              |     2 |       |       |       ||     2
       Short sword       |     7 |     5 |       |       ||    12
       Flail             |       |    45 |    46 |       ||    91
       Spear             |       |       |   171 |     9 ||   180
       Scimitar          |       |       |    30 |    73 ||   103
 Cast: Magic Dart        |    29 |    81 |    65 |    24 ||   199
       Mephitic Cloud    |       |     4 |    29 |    13 ||    46
       Conjure Flame     |       |       |    19 |    10 ||    29
       Blink             |       |       |     5 |    11 ||    16
       Stone Arrow       |       |       |       |    16 ||    16
       Regeneration      |       |       |       |     1 ||     1
 Abil: Spit Poison       |    30 |    56 |    71 |    35 ||   192
Evoke: Wand              |       |       |     5 |       ||     5
  Use: Scroll            |       |     1 |     6 |     1 ||     8
       Potion            |       |       |     9 |     1 ||    10
 Stab: Sleeping          |       |     1 |     2 |       ||     3
       Confused          |       |       |    12 |     3 ||    15
       Paralysed         |       |       |     7 |       ||     7
  Eat: Chunk             |     1 |     8 |    12 |     7 ||    28
       Ration            |       |       |     1 |       ||     1
Armor: Robe              |    11 |    12 |    55 |    26 ||   104
       Skin              |       |       |    59 |       ||    59
Dodge: Dodged            |    24 |    35 |    86 |    48 ||   193
       Rpst.: Scimitar   |       |       |     1 |    10 ||    11

Table legend:
 A = Non-vault XP
 B = Vault XP
 C = Vault XP percentage of total XP
 D = Non-vault monster count
 E = Vault monster count
 F = Vault count percentage of total count
                 A         B        C        D         E       F
            +---------+---------+-------+---------+---------+-------
      Total |    8067 |    4883 |  37.7 |     192 |      72 |  27.3
            +---------+---------+-------+---------+---------+-------
        D:1 |      45 |       5 |  10.0 |      20 |       5 |  20.0
        D:2 |      75 |      57 |  43.2 |      22 |       6 |  21.4
        D:3 |     162 |      51 |  23.9 |      31 |      12 |  27.9
        D:4 |     479 |       0 |   0.0 |      17 |       0 |   0.0
        D:5 |     204 |      55 |  21.2 |       5 |       3 |  37.5
        D:6 |     859 |       0 |   0.0 |      21 |       0 |   0.0
        D:7 |    1038 |     291 |  21.9 |      24 |       3 |  11.1
        D:8 |    1870 |    3665 |  66.2 |      25 |       8 |  24.2
        D:9 |    3335 |     329 |   9.0 |      27 |       3 |  10.0
    Ossuary |       0 |     430 | 100.0 |       0 |      32 | 100.0
            +---------+---------+-------+---------+---------+-------
